 Dungeon Crawl Stone Soup version 0.30-a0-603-g51a0fb1b98 (webtiles) character file.

Game seed: 5525696338851483254

9549 sanka the Nimble (level 11, -7/94 HPs)
             Began as a Demigod Earth Elementalist on Jan 7, 2023.
             Mangled by a yak (12 damage)
             ... on level 10 of the Dungeon.
             The game lasted 00:15:59 (10371 turns).

sanka the Nimble (Demigod Earth Elementalist)      Turns: 10371, Time: 00:15:59

Health: -7/94      AC: 17    Str:  9    XL:     11   Next: 4%
Magic:  8/20       EV: 16    Int: 29    God:
Gold:   73         SH:  0    Dex: 14    Spells: 12/18 levels left

rFire   . . .      SeeInvis .    L - +2 short sword (elec)
rCold   . . .      Faith    .    (no shield)
rNeg    . . .      Spirit   .    E - +0 steam dragon scales
rPois   .          Reflect  .    d - +0 helmet
rElec   .          Harm     .    (no cloak)
rCorr   .          Rampage  .    (no gloves)
Will    +....                    M - +2 pair of boots
Stlth   ++                       F - amulet of regeneration
HPRegen 1.15/turn                N - +4 ring of protection
MPRegen 0.17/turn                c - +4 ring of protection

@: no status effects
A: high MP 1, forlorn, divine attributes
a: no special abilities


You were on level 10 of the Dungeon.
You visited 1 branch of the dungeon, and saw 10 of its levels.

You collected 505 gold pieces.
You spent 432 gold pieces at shops.


Innate Abilities, Weirdness & Mutations

You have an increased reservoir of magic. (+10% MP)
You shall have no god before yourself.
Your divine heritage dramatically boosts your attributes as you level up.


   Skills:
 - Level 8.0 Fighting
 - Level 1.2 Throwing
 - Level 10.0 Dodging
 - Level 1.7 Stealth
 - Level 4.0 Spellcasting
 + Level 3.7 Conjurations
 - Level 0.8 Transmutations
 + Level 9.0 Earth Magic


You had 12 spell levels left.
You knew the following spells:

 Your Spells              Type           Power      Damage    Failure   Level
x - Stone Arrow           Conj/Erth      84%        3d12      1%          3
z - Sandblast             Erth           100%       2d20      1%          1
N - Passwall              Tmut/Erth      28%        N/A       1%          2

Your spell library contained the following spells:

 Spells                   Type           Power      Damage    Failure   Level
 Slow                     Hex            20%        N/A       7%          1
 Petrify                  Tmut/Erth      34%        N/A       9%          4
 Ensorcelled Hibernation  Hex/Ice        10%        N/A       11%         2
 Confusing Touch          Hex            5%         N/A       21%         3
 Inner Flame              Hex/Fire       5%         N/A       21%         3
 Swiftness                Air            5%         N/A       21%         3
 Vampiric Draining        Necr           5%         2d6       21%         3
 Flame Wave               Conj/Fire      16%        2d7       32%         4
 Sticky Flame             Conj/Fire      16%        2d4       32%         4
 Airstrike                Air            2%         2d(1-17)  56%         4
 Summon Lightning Spire   Summ/Air       5%         N/A       56%         4
 Lightning Bolt           Conj/Air       8%         1d20      65%         5

Inventory:

Hand Weapons
 e - a +0 quarterstaff
 n - a +1 dagger of pain
 L - a +2 short sword of electrocution (weapon)
Missiles
 u - 2 throwing nets {=f}
 D - 2 curare-tipped darts {=f}
Armour
 d - a +0 helmet (worn)
 E - +0 steam dragon scales (worn)
 M - a +2 pair of boots (worn)
Magical Staves
 a - a staff of cold
 B - a staff of air
 P - a staff of fire
Jewellery
 c - a +4 ring of protection (right hand)
 F - an amulet of regeneration (around neck)
 N - a +4 ring of protection (left hand)
Wands
 i - a wand of light (16)
 z - a wand of flame (11)
 I - a wand of roots (10)
Scrolls
 h - 8 scrolls of teleportation {@r4}
 o - a scroll of summoning
 p - 6 scrolls of blinking
 q - a scroll of fear
 r - 2 scrolls of torment {!r}
 s - 5 scrolls of fog
 v - 4 scrolls of enchant weapon
 w - 4 scrolls of immolation {!r}
 y - 3 scrolls of poison {!r}
 K - 2 scrolls of amnesia
 O - a scroll of noise {unknown}
 Q - a scroll of identify {@r1}
Potions
 b - a potion of magic
 f - a potion of cancellation {unknown}
 g - 3 potions of haste {@q3}
 j - 4 potions of brilliance
 k - 2 potions of ambrosia
 l - 2 potions of resistance {unknown}
 m - 4 potions of flight
 t - 6 potions of curing {@q1}
 x - a potion of might {unknown}
 A - 4 potions of lignification {!q}
 C - 2 potions of mutation {unknown}
 G - 2 potions of degeneration {unknown}
 H - 3 potions of attraction {!q}
 J - a potion of invisibility {unknown}

Dungeon Overview and Level Annotations

Branches:
Dungeon (10/15)            Temple (0/1) D:6            Lair (0/5) D:9
    Orc: D:9-12

Shops:
D:6 =   D:8 *

Annotations:
D:3 1 runed translucent door, archydragon's ghost, amateur MiGl

▒ ▒ +...▒ ▒ ▒...▒ ▒ ▒...▒
▒▒▒▒▒▒▒▒▒ ▒▒▒▒...▒▒▒▒▒
........▒ ▒...........
.....<..▒ ▒...........
........▒ ▒...YY......
........▒ ▒...pY......
▒▒▒▒▒...▒▒▒▒▒...▒+▒▒▒▒▒▒
....▒......▒....▒
....▒......▒....▒
....▒......▒....▒
...▒▒▒▒▒...▒.▒..▒▒▒▒▒▒▒▒▒
...▒.........▒.....▒....▒
...▒.........▒.....▒....▒
...▒.........▒.....▒....▒


You could see 3 yaks.


Message History

The yak gores you but does no damage. The yak gores you but does no damage.
The yak barely misses you.
The blast of sand hits the yak!
The yak is moderately wounded.
The yak gores you.
* * * LOW HITPOINT WARNING * * *
The yak gores you!
* * * LOW HITPOINT WARNING * * *
The yak gores you!
* * * LOW HITPOINT WARNING * * *
The blast of sand hits the yak but does no damage.
The yak is moderately wounded.
The yak closely misses you. The yak barely misses you. The yak gores you.
* * * LOW HITPOINT WARNING * * *
The yak barely misses you. The yak gores you but does no damage.
The yak gores you but does no damage.
The blast of sand hits the yak.
The yak is moderately wounded.
The yak gores you.
* * * LOW HITPOINT WARNING * * *
The yak misses you. The yak gores you but does no damage.
The blast of sand hits the yak.
The yak is heavily wounded.
The yak gores you!
You die...

Action                   |  1- 3 |  4- 6 |  7- 9 | 10-12 || total
-------------------------+-------+-------+-------+-------++-------
Melee: Quarterstaff      |    23 |    23 |     8 |     8 ||    62
 Cast: Sandblast         |    76 |    86 |   123 |   135 ||   420
       Stone Arrow       |       |       |       |     3 ||     3
       Passwall          |       |       |       |     2 ||     2
Evoke: Wand              |       |       |     1 |       ||     1
  Use: Potion            |       |     4 |       |       ||     4
       Scroll            |       |       |    14 |     4 ||    18
Armor: Robe              |    21 |    17 |    12 |       ||    50
       Steam dragon scal |       |       |    11 |    65 ||    76
Dodge: Dodged            |    46 |    44 |    50 |   136 ||   276

Levels and vault maps discovered:
D:1:      minmay_arrival_pointy, layout_basic, nrook_campfire,
          minmay_split_cup_small
D:2:      layout_basic, serial_rivers, chequers_serial_rivers_marsh,
          chequers_serial_rivers_marsh, chequers_serial_rivers_marsh,
          chequers_serial_rivers_marsh, chequers_serial_rivers_micro_b,
          minmay_statues_item
D:3:      layout_basic, led_sif_pool, mainiacjoe_overflow_catch_the_wave,
          fedhas_altar_fruit_tree, hellmonk_ghost_happy_afterlife
D:4:      layout_loops_cross, lemuel_tele_altar,
          grunt_dithmenos_smoke_and_mirrors, uniq_blork_the_orc
D:5:      layout_basic, hangedman_decor_slide_cut
D:6:      layout_basic, mainiacjoe_overflow_boulevard,
          mainiacjoe_overflow_surrounded_room, nicolae_vehumet_radiance,
          nicolae_overflow_crystal_walls, minmay_temple_entry_mist,
          minmay_shop_enchanted_jewellery, kennysheep_dice, uniq_maggie,
          uniq_grinder
D:7:      layout_basic, amcnicky_mini_corridor_feature, uniq_pikel
D:8:      minmay_octagon_keep, layout_basic, tso_metal_star,
          nzn_wu_jian_contemplation, zin_purify, minivault_10, uniq_joseph
D:9:      layout_gridville, grunt_qazlal_clouds, due_lair_maze_entry_diamond,
          due_unseen_surprise
D:10:     layout_grid_maze

Notes
Turn   | Place    | Note
-------+----------+-------------------------------------------
     0 | D:1      | sanka the Demigod Earth Elementalist began the quest for
                  | the Orb.
     0 | D:1      | Reached XP level 1. HP: 14/14 MP: 5/5
    18 | D:2      | Reached skill level 2 in Spellcasting
    18 | D:2      | Reached skill level 3 in Earth Magic
    55 | D:2      | Reached XP level 2. HP: 20/20 MP: 5/7
   355 | D:1      | Reached XP level 3. HP: 26/26 MP: 4/8
   520 | D:1      | Reached skill level 4 in Earth Magic
   657 | D:1      | Learned a level 2 spell: Passwall
   661 | D:1      | Learned a level 3 spell: Stone Arrow
  1908 | D:3      | Reached XP level 4. HP: 33/33 MP: 5/9
  1963 | D:3      | Reached skill level 5 in Earth Magic
  2058 | D:3      | Noticed archydragon's ghost (amateur MiGl)
  2065 | D:3      | Found a runed translucent door.
  2322 | D:2      | Reached XP level 5. HP: 36/38 MP: 0/10
  3510 | D:4      | Reached skill level 6 in Earth Magic
  3612 | D:4      | Noticed Blork the orc
  3634 | D:4      | Killed Blork the orc
  3635 | D:4      | Reached XP level 6. HP: 45/45 MP: 11/11
  4192 | D:5      | Entered Level 5 of the Dungeon
  4254 | D:5      | Reached skill level 7 in Earth Magic
  4546 | D:5      | Reached XP level 7. HP: 45/50 MP: 8/13
  4938 | D:6      | Reached skill level 8 in Earth Magic
  5024 | D:6      | Reached skill level 2 in Dodging
  5117 | D:6      | Reached skill level 1 in Fighting
  5165 | D:6      | Found Neulagg's Jewellery Shop.
  5286 | D:6      | Reached skill level 2 in Fighting
  5323 | D:6      | Reached skill level 3 in Dodging
  5399 | D:6      | Reached skill level 3 in Fighting
  5399 | D:6      | Reached XP level 8. HP: 56/63 MP: 7/14
  5551 | D:6      | Identified +0 steam dragon scales
  5551 | D:6      | Noticed Maggie
  5558 | D:6      | Killed Maggie
  5559 | D:6      | Reached skill level 4 in Fighting
  5559 | D:6      | Reached skill level 4 in Dodging
  5569 | D:6      | Noticed Grinder
  5570 | D:6      | Paralysed by Grinder for 3 turns
  5575 | D:6      | Killed Grinder
  5576 | D:6      | Reached skill level 5 in Dodging
  5702 | D:6      | Found a staircase to the Ecumenical Temple.
  5855 | D:6      | Reached skill level 5 in Fighting
  6519 | D:7      | Reached skill level 6 in Dodging
  6613 | D:7      | Reached XP level 9. HP: 75/75 MP: 12/15
  6767 | D:7      | Reached skill level 6 in Fighting
  6959 | D:7      | Noticed Pikel
  6968 | D:7      | Killed Pikel
  6969 | D:7      | Reached skill level 7 in Dodging
  7213 | D:8      | Noticed Joseph
  7233 | D:8      | Killed Joseph
  7234 | D:8      | Reached skill level 7 in Fighting
  7337 | D:8      | Reached skill level 8 in Dodging
  7580 | D:8      | Found Zin's Purification Station.
  7691 | D:8      | Reached skill level 8 in Fighting
  8084 | D:8      | Reached XP level 10. HP: 80/88 MP: 11/16
  8447 | D:9      | Reached skill level 9 in Dodging
  8606 | D:9      | Reached skill level 10 in Dodging
  8606 | D:9      | Reached skill level 1 in Throwing
  8614 | D:9      | Reached skill level 1 in Conjurations
  8718 | D:9      | Found a staircase to the Lair.
  8974 | D:9      | Reached skill level 2 in Conjurations
  9262 | D:9      | Reached skill level 3 in Spellcasting
  9296 | D:9      | Noticed a two-headed ogre
  9302 | D:9      | Killed a two-headed ogre
  9676 | D:6      | Bought a +4 ring of protection for 432 gold pieces
  9743 | D:10     | Entered Level 10 of the Dungeon
 10157 | D:10     | Reached skill level 3 in Conjurations
 10360 | D:10     | Reached skill level 4 in Spellcasting
 10360 | D:10     | Reached XP level 11. HP: 94/94 MP: 17/20
 10366 | D:10     | Reached skill level 9 in Earth Magic
 10368 | D:10     | HP: 5/94 [yak (10)]
 10371 | D:10     | Mangled by a yak

Vanquished Creatures
  A two-headed ogre (D:9)
  Pikel (D:7)
  Joseph (D:8)
  Maggie (D:6)
  Grinder (D:6)
  A shadow (D:9)
  19 yaks
  2 steam dragons
  An acid dragon (D:10)
  7 water moccasins
  3 ice beasts
  2 sky beasts (D:7)
  3 black bears
  4 orc warriors
  3 ogres
  3 centaurs
  4 kobold brigands
  Blork the orc (D:4)
  6 bullfrogs
  2 scorpions
  2 necrophages
  A killer bee (D:8)
  4 howler monkeys
  2 jellies
  3 hounds
  10 orc priests
  11 orc wizards
  2 iguanas
  3 adders
  A white imp (D:6)
  4 worms
  2 dart slugs
  27 orcs
  12 endoplasms
  A giant cockroach (D:2)
  7 goblins
  11 hobgoblins
  5 jackals
  A quokka (D:1)
  7 ball pythons
  4 bats
  4 frilled lizards
  22 kobolds
  14 rats
226 creatures vanquished.

Vanquished Creatures (others)
  39 fungi (D:9)
  39 plants
78 creatures vanquished.

Grand Total: 304 creatures vanquished
